 Dungeon Crawl Stone Soup version 0.18.1-50-g88ac8fd (webtiles) character file.

2 Amnesiac the Shield-Bearer (level 1, 0/13 HPs)
             Began as a Deep Elf Fighter on Feb 28, 2018.
             Slain by a quokka (1 damage)
             ... on level 2 of the Dungeon.
             The game lasted 00:00:31 (188 turns).

Amnesiac the Shield-Bearer (Deep Elf Fighter)        Turns: 188, Time: 00:00:32

Health: 0/13       AC:  6    Str: 13    XL:     1   Next: 33%
Magic:  3/3        EV:  1    Int: 12    God:
Gold:   0          SH:  8    Dex: 14    Spells: 0 memorised, 0 levels left

rFire  . . .     SeeInvis .     a - +0 rapier
rCold  . . .     Gourm    .     b - +0 scale mail
rNeg   . . .     Faith    .     c - +0 shield
rPois  .         Spirit   .     (no helmet)
rElec  .         Dismiss  .     (no cloak)
rCorr  .         Reflect  .     (no gloves)
SustAt .         Harm     .     (no boots)
MR     .....                    (no amulet)
Stlth  ..........               (no ring)
                                (no ring)

@: not resistant to hostile enchantments, extremely unstealthy
A: no striking features
a: no special abilities


You were on level 2 of the Dungeon.
You were not hungry.

You visited 1 branch of the dungeon, and saw 2 of its levels.

Inventory:

Hand Weapons
 a - a +0 rapier (weapon)
Missiles
 e - 15 sling bullets
Armour
 b - a +0 scale mail (worn)
 c - a +0 shield (worn)
Potions
 d - a potion of might {!q}
Comestibles
 f - a bread ration


   Skills:
 - Level 2.4 Fighting
 - Level 2.0 Short Blades
 - Level 2.4 Armour
 + Level 1.0 Dodging
 - Level 2.4 Shields


You couldn't memorise any spells.
You didn't know any spells.

Dungeon Overview and Level Annotations

Branches:
Dungeon (2/15)

Altars:


Message History

You hit the worm.
The worm is moderately wounded.
The worm bites you.
You see here a stone.
The kobold hits you but does no damage.
There is a stone staircase leading up here.
You block the kobold's attack.
You climb upwards.
There is a stone staircase leading down here.
You closely miss the kobold. The kobold barely misses you.
You hit the kobold.
The kobold is severely wounded.
You block the kobold's attack.
You closely miss the kobold.
The kobold is severely wounded.
The kobold hits you but does no damage. You block the kobold's attack.
Your shield prevents you from hitting the kobold.
The kobold is moderately wounded.
You block the kobold's attack.
You hit the kobold.
You kill the kobold!
Your Dodging skill increases to level 1!
No target in view!
No target in view!
There is a staircase leading out of the dungeon here.
Things that are here:
a short sword; a kobold corpse
There is a stone staircase leading down here.
You start waiting.
Done waiting.
You climb downwards.
You block the worm's attack.
There is a stone staircase leading up here.
You barely miss the worm. The worm bites you.
You hit the worm.
The worm is lightly wounded.
The worm completely misses you.
You hit the worm.
The worm is moderately wounded.
You completely miss the worm.
The worm is moderately wounded.
The worm bites you!
Ouch! That really hurt!
* * * LOW HITPOINT WARNING * * *
You block the worm's attack.
You climb upwards.
There is a stone staircase leading down here.
You climb downwards.
There is a stone staircase leading up, spattered with blood here.
A quokka comes into view.
You block the quokka's attack.
A giant newt comes into view.
The quokka bites you but does no damage.
The giant newt moves out of view.
Found a whip.
You block the quokka's attack. The quokka bites you.
* * * LOW HITPOINT WARNING * * *
The giant newt hisses menacingly.
Found a scroll labeled VUPHAF WICAUT.
You see here 8 gold pieces.
You block the quokka's attack.
There is a stone staircase leading up, spattered with blood here.
The quokka bites you.
You die...

#.# #.# ###.#
..#.# #.#.# ##
#?#.# .
#.#(######.#
#.#.(....#.####
#..r@.........#
#..#####.#.##.#
#..# #.# ##.##
#.$# #.#).....
#..#####w..##..
#.......l.....#
##.##########.#
#.# # #..


You could see a quokka.

Vanquished Creatures
  A giant gecko (D:1)
  A kobold (D:1)
2 creatures vanquished.

Notes
Turn   | Place    | Note
--------------------------------------------------------------
     0 | D:1      | Amnesiac the Deep Elf Fighter began the quest for the Orb.
     0 | D:1      | Reached XP level 1. HP: 13/13 MP: 3/3
    57 | D:1      | Reached skill level 1 in Dodging
   188 | D:2      | Slain by a quokka

Skill      XL: |  1 |
---------------+----+-----
Dodging        | 1 |  1.0
Fighting       | |  2.4
Short Blades   | |  2.0
Armour         | |  2.4
Shields        | |  2.4

Action                   || total
-------------------------++-------
Melee: Rapier            ||    14
Armor: Scale mail        ||     7
Dodge: Dodged            ||     2
Block: Shield            ||    10
